 Dungeon Crawl Stone Soup version 0.27-a0-1312-g5cdb2b3542 (webtiles) character file.

Game seed: 4138062227621191390

11 BlueGoblin the Magician (level 2, -3/21 HPs)
             Began as a Djinni Ice Elementalist on June 20, 2021.
             Slain by a gnoll (4 damage)
             ... on level 2 of the Dungeon.
             The game lasted 00:02:56 (851 turns).

BlueGoblin the Magician (Djinni Ice Elementalist)    Turns: 851, Time: 00:02:57

Health: -3/21      AC:  2    Str:  7    XL:     2   Next: 40%
Gold:   34         EV: 12    Int: 16    God:
                   SH:  0    Dex: 13

rFire    + + .     SeeInvis .   (no weapon)
rCold    x . .     Faith    .   (no shield)
rNeg     . . .     Spirit   .   a - +0 robe
rPois    ∞         Reflect  .   (no helmet)
rElec    .         Harm     .   (no cloak)
rCorr    +         Rampage  .   (no gloves)
Will     .....                  (boots unavailable)
Stlth    ++........             (no amulet)
HPRegen  0.07/turn              b - ring of resist corrosion
MPRegen  0.00/turn              (no ring)

@: flying
A: sickness immunity, fire resistance 2, cold vulnerability 1, float, innate
caster, hp casting, extra vitality 1
a: no special abilities


You were on level 2 of the Dungeon.
You visited 1 branch of the dungeon, and saw 2 of its levels.

You collected 34 gold pieces.

Inventory:

Armour
 a - a +0 robe (worn)
 f - a +0 leather armour
Jewellery
 b - a ring of resist corrosion (left hand)
Scrolls
 d - a scroll of magic mapping {unknown}


   Skills:
 + Level 2.1 Dodging
 + Level 1.6 Stealth
 + Level 3.6 Spellcasting


You couldn't memorise any spells.
You knew the following spells:

 Your Spells              Type           Power      Damage    Failure   Level
a - Freeze                Ice            56%        1d7       3%          1
b - Frozen Ramparts       Ice            28%        1d4       12%         3
c - Ozocubu's Armour      Ice            14%        N/A       12%         3
d - Hailstorm             Conj/Ice       14%        3d5       36%         4
e - Metabolic Englaciati  Hex/Ice        7%         N/A       71%         5
Your spell library was empty.

Dungeon Overview and Level Annotations

Branches:
Dungeon (2/15)

Altars:


Innate Abilities, Weirdness & Mutations

You are immune to sickness and miasma.
You are immune to poison.
Your flesh is very heat resistant. (rF++)
You are vulnerable to cold. (rC-)
You float through the air rather than walking.
You learn spells naturally, not from books.
Your magical power is your life essence.
You have superior vitality. (+4 HP)


Message History

Your ball python constricts the gnoll.
Your bat hits the gnoll but does no damage.
Your bat hits the gnoll but does no damage.
The gnoll hits you from afar with a +0 spear.
Your ball python bites the gnoll.
Your ball python constricts the gnoll.
Your bat hits the gnoll. x2; Your ball python bites the gnoll.
Your ball python constricts the gnoll.
The gnoll hits you from afar with a +0 spear.
Your ball python bites the gnoll but does no damage.
Your ball python constricts the gnoll.
The gnoll hits your bat with a +0 spear!
Your bat dies!
Your bat's corpse dissolves into shadows!
Your ball python bites the gnoll.
Your ball python constricts the gnoll.
The gnoll hits your ball python with a +0 spear.
Your ball python dies!
Your ball python's corpse dissolves into shadows!
The gnoll closely misses you. The gnoll hits you with a +0 spear!
* * * LOW HITPOINT WARNING * * *
Casting: Freeze (safe; 3% risk of failure)
Confirm with . or Enter, or press ? or * to list all spells.
You don't have enough health to cast this spell.
Unknown command.
Casting: Freeze (safe; 3% risk of failure)
Confirm with . or Enter, or press ? or * to list all spells.
You don't have enough health to cast this spell.
Unknown command.
Casting: Freeze (safe; 3% risk of failure)
Confirm with . or Enter, or press ? or * to list all spells.
Okay, then.
You aren't carrying any potions.
Unknown command.
As you read the scroll labelled DEON MODGHI, it crumbles to dust.
It is a scroll of enchant weapon.
You aren't carrying any weapons that can be enchanted.
The gnoll closely misses you.
Okay, then.
The gnoll hits you from afar with a +0 spear.
You die...

# ###### # #.##.# #
#....#
#######.##(##########
................@.gg#
#######..##########g#
#.... #..# #.#
#.#.#...... #g#
#.#.#.#.#.## #.#
#.#.#.#.... #g# .<..#
###.## #.# ##### ..
#.# #.#


You could see 3 gnolls.

Vanquished Creatures
  A ball python (D:1)
  2 endoplasms (D:1)
  A hobgoblin (D:1)
  3 kobolds (D:1)
  A bat (D:1)
  A frilled lizard (D:1)
  3 rats (D:1)
12 creatures vanquished.

Notes
Turn   | Place    | Note
-------+----------+-------------------------------------------
     0 | D:1      | BlueGoblin the Djinni Ice Elementalist began the quest for
                  | the Orb.
     0 | D:1      | Reached XP level 1. HP: 15/15 MP: 0/0
   240 | D:1      | Reached XP level 2. HP: 20/21 MP: 0/0
   849 | D:2      | HP: 1/21 [gnoll (10)]
   851 | D:2      | Slain by a gnoll

Illustrated notes

Levels and vault maps discovered:
D:1:      scummos_arrival_simple_fountains, layout_rooms, serial_rivers,
          chequers_serial_rivers_micro_a, chequers_serial_rivers_small_3,
          chequers_serial_rivers_small_b, chequers_serial_rivers_micro_c,
          grunt_decor_arrowhead, chequers_mini_garden
D:2:      layout_basic, ebering_ecumenical_altar_hall, lexackson_kobold_supper

Action                   || total
-------------------------++-------
 Cast: Freeze            ||    16
  Use: Scroll            ||     2
Armor: Robe              ||     3
Dodge: Dodged            ||     8

Table legend: (Time is in decaauts)
 A = Elapsed time spent in this place.
 B = Non-inter-level travel time spent in this place.
 C = Inter-level travel time spent in this place.
 D = Time resting spent in this place.
 E = Time spent auto-exploring this place.
 F = Levels seen in this place.
 G = Mean time per level.
                   A        B        C        D        E       F      G
               +--------+--------+--------+--------+--------+-----+--------+
         Total |    850 |    838 |     12 |    150 |    416 |   2 |  425.0 |
       Dungeon |    850 |    838 |     12 |    150 |    416 |   2 |  425.0 |
               +--------+--------+--------+--------+--------+-----+--------+

Top non-repeatable levels by time:
     D:1: 798 daAuts
     D:2: 51 daAuts
